 Dungeon Crawl Stone Soup version 0.31-a0-949-g57150269e1 (webtiles) character file.

Game seed: 13358044361632442426

144293 Kurtz the Severer (level 16, 0/125 HPs)
             Began as a Mummy Delver on Oct 21, 2023.
             Was an Initiate of Gozag.
             Slain by a minotaur (5 damage)
             ... created by the fury of Okawaru
             ... on level 2 of the Spider Nest on Oct 22, 2023.
             The game lasted 00:58:54 (30603 turns).

Kurtz the Severer (Mummy Delver)                   Turns: 30603, Time: 00:58:55

Health: 0/125      AC: 33    Str: 24    XL:     16   Next: 84%
Magic:  19/19      EV:  9    Int: 12    God:    Gozag
Gold:   486        SH: 14    Dex: 13    Spells: 15/15 levels left

rFire   + + .        L - +6 broad axe (vamp)
rCold   + + .        O - +2 kite shield {rC+}
rNeg    + + +        C - +8 plate armour "Pingis" {rPois Str+3 Stlth+}
rPois   ∞            b - +2 helmet of Immorality {Fly SInv}
rElec   +            t - +0 cloak
rCorr   +            a - +2 pair of gloves of a Gauntlet {rCorr}
SInv    +            p - +2 pair of boots
Will    +++..        U - amulet of the acrobat Stlth
                     F - ring "Wiusae" {Fire Will+ Str+3 Dex-3 Slay+3}
HPRegen 0.40/turn    S - ring of protection from fire
MPRegen 0.16/turn

%: acrobat, faith
@: resistant, flying, hasted, very quick
A: cold resistance 1, negative energy resistance 3, torment resistance 2, heat
vulnerability 1, in touch with death 2, no potions, faith
a: Renounce Religion, Potion Petition, Call Merchant, Bribe Branch


You were on level 2 of the Spider Nest.
You worshipped Gozag.
Gozag was aware of your devotion.
You visited 5 branches of the dungeon, and saw 25 of its levels.
You also visited: Sewer, Bailey, Ice Cave and Volcano.

You collected 4686 gold pieces.
You spent 1203 gold pieces at shops.
You paid 2997 gold pieces to Gozag.

Inventory:

Hand Weapons
 x - the +5 flail of Raot {pain, rPois rF+ Int-3}
   (You bought it in a shop on level 7 of the Dungeon)

   Int-3:     It affects your intelligence (-3).
   rF+:       It protects you from fire.
   rPois:     It protects you from poison
 L - a +6 vampiric broad axe (weapon)
 M - the +10 halberd of Puqud {spect, rC+ rCorr Dex+5}
   (You found it in an ice cave)

   Dex+5:     It affects your dexterity (+5).
   rC+:       It protects you from cold.
   rCorr:     It protects you from acid and corrosion.
 P - a +1 demon whip of freezing
Missiles
 r - 44 poisoned darts
 u - 8 curare-tipped darts (quivered)
 w - 30 boomerangs
 B - 15 silver javelins
 I - 2 throwing nets
Armour
 a - the +2 pair of gloves of a Gauntlet (worn) {rCorr}
   (Okawaru gifted it to you on level 1 of the Lair of Beasts)

   rCorr:     It protects you from acid and corrosion.
 b - the +2 helmet of Immorality (worn) {Fly SInv}
   (You found it in a bailey)

   SInv:      It lets you see invisible.
   Fly:       It grants you flight.
 p - a +2 pair of boots (worn)
 t - a +0 cloak (worn)
 v - a +1 kite shield of reflection
 y - the orb of Apathy {light, Drain rC++ Regen+ SInv}
   (You took it off an orc warrior on level 8 of the Dungeon)

   rC++:      It greatly protects you from cold.
   SInv:      It lets you see invisible.
   Regen+:    It increases your rate of health regeneration.
   Drain:     It drains your maximum health when unequipped.
 C - the +8 plate armour "Pingis" (worn) {rPois Str+3 Stlth+}
   (You took it off an orc warrior in a bailey)

   Str+3:     It affects your strength (+3).
   rPois:     It protects you from poison Stlth+: It makes you more stealthy.
 N - a +3 plate armour of fire resistance
 O - a +2 kite shield of cold resistance (worn)
Jewellery
 i - a ring of ice
 m - a ring of fire
 s - a ring of ice
 F - the ring "Wiusae" (left hand) {Fire Will+ Str+3 Dex-3 Slay+3}
   (You bought it in a shop on level 7 of the Dungeon)

   [ring of fire]

   Fire:      It enhances your fire magic.
   Str+3:     It affects your strength (+3).
   Dex-3:     It affects your dexterity (-3).
   Slay+3:    It affects your accuracy & damage with ranged weapons and melee
   (+3).
   rF+:       It protects you from fire.
   rC-:       It makes you vulnerable to cold.
   Will+:     It increases your willpower.
 S - a ring of protection from fire (right hand)
 U - an amulet of the acrobat (around neck)
Wands
 f - a wand of digging (1)
 z - a wand of iceblast (14)
 D - a wand of polymorph (1)
 J - a wand of flame (13)
 K - a wand of mindburst (8)
 R - a wand of quicksilver (5)
 W - a wand of charming (1)
Scrolls
 c - 4 scrolls of fog
 d - 5 scrolls of noise
 e - 3 scrolls of fear
 g - 11 scrolls of teleportation
 h - 8 scrolls of blinking
 j - 11 scrolls of identify
 k - a scroll of brand weapon
 l - 7 scrolls of vulnerability
 n - 4 scrolls of immolation
 o - 2 scrolls of summoning
 q - 5 scrolls of amnesia
 G - a scroll of revelation
 H - 5 scrolls of enchant armour
 Q - a scroll of poison
 T - a scroll of enchant weapon
 V - a scroll of silence
Miscellaneous
 A - a sack of spiders
 E - a phial of floods


   Skills:
 * Level 11.0 Fighting
 - Level 18.0 Axes
 - Level 9.4 Armour
 * Level 8.0 Dodging
 - Level 4.1 Stealth
 * Level 11.8 Shields
 - Level 4.0 Invocations


You had 15 spell levels left.
You didn't know any spells.
Your spell library contained the following spells:

 Spells                   Type           Power      Damage    Failure   Level
 Apportation              Tloc           0%         N/A       99%         1
 Magic Dart               Conj           0%         1d3       99%         1
 Necrotise                Necr           0%         1d4       99%         1
 Slow                     Hex            0%         N/A       99%         1
 Summon Small Mammal      Summ           0%         N/A       99%         1
 Call Imp                 Summ           0%         N/A       100%        2
 Cigotuvi's Dreadful Rot  Necr/Pois/Air  0%         N/A       100%        2
 Ensorcelled Hibernation  Hex/Ice        0%         N/A       100%        2
 Jinxbite                 Hex            0%         N/A       100%        2
 Lesser Beckoning         Tloc           0%         N/A       100%        2
 Confusing Touch          Hex            0%         N/A       100%        3
 Gell's Gravitas          Tloc           0%         N/A       100%        3
 Mephitic Cloud           Conj/Pois/Air  0%         N/A       100%        3
 Sigil of Binding         Hex            0%         N/A       100%        3
 Stone Arrow              Conj/Erth      0%         3d7       100%        3
 Teleport Other           Tloc           0%         N/A       100%        3
 Tukima's Dance           Hex            0%         N/A       100%        3
 Vampiric Draining        Necr           0%         2d6       100%        3
 Anguish                  Hex/Necr       0%         N/A       100%        4
 Animate Armour           Summ/Erth      0%         N/A       100%        4
 Dimensional Bullseye     Hex/Tloc       0%         N/A       100%        4
 Dispel Undead            Necr           0%         3d6       100%        4
 Iskenderun's Mystic Bla  Conj/Tloc      0%         2d3       100%        4
 Agony                    Necr           0%         N/A       100%        5
 Death Channel            Necr           0%         N/A       100%        6
 Ozocubu's Refrigeration  Ice            0%         4d7       100%        7
 Lehudib's Crystal Spear  Conj/Erth      0%         10d2      100%        8
 Polar Vortex             Ice            0%         N/A       100%        9
 Simulacrum               Ice/Necr       Unusable   N/A       N/A         6

Dungeon Overview and Level Annotations

Branches:
Dungeon (15/15)            Temple (1/1) D:4            Lair (5/5) D:11
 Shoals (0/4) Lair:2       Spider (2/4) Lair:3        Slime (0/5) Lair:4
    Orc (2/2) D:9             Elf (0/3) Orc:2        Vaults (0/5) D:14
 Depths (0/4) D:15          Sewer (visited)          Bailey (visited)
  IceCv (visited)         Volcano (visited)

Altars:
Ashenzari
Cheibriados
Dithmenos
Fedhas
Gozag
Hepliaklqana
Kikubaaqudgha
Makhleb
Nemelex Xobeh
Okawaru
Qazlal
Ru
Sif Muna
Trog
Uskayaw
Vehumet
Wu Jian
Xom
Yredelemnul
Jiyva

Shops:
D:5 (   D:6 ?   D:7 =(   D:9 *   D:10 !   Orc:1 (   Orc:2 ([?[

Portals:
Trove: D:11 (give 5 scrolls of fear)

Annotations:
D:9 exclusion: downstairs
D:15 3 runed translucent doors, Tewoziw's ghost, journeyman FoFi
Lair:5 1 runed translucent door, freelancePsychic's ghost, journeyman DsBe


Innate Abilities, Weirdness & Mutations

You are immune to poison.
Your flesh is cold resistant. (rC+)
You are immune to negative energy. (rN+++)
You are immune to unholy pain and torment.
You are vulnerable to heat. (rF-)
You are strongly in touch with the powers of death.
You do not drink.
You have a special connection with the divine. (Faith)


Message History

The boomerang hits you but does no damage.
Unknown command.
You slash the deep elf master archer!
You feel better.
The deep elf master archer is heavily wounded.
You slash the stone giant! You barely miss the merfolk. x2
You hit the minotaur.
The deep elf master archer wields a +0 longbow.
The deep elf master archer shoots an arrow.
The arrow hits you!!
* * * LOW HITPOINT WARNING * * *
You block the minotaur's attack. x2; The merfolk barely misses you.
The merfolk throws a boomerang.
The boomerang hits you but does no damage.
The merfolk hits you with a +0 trident!
* * * LOW HITPOINT WARNING * * *
The merfolk closely misses you. You block the stone giant's attack.
You hit the deep elf master archer.
The deep elf master archer is severely wounded.
You slash the stone giant! You slash the merfolk!
You feel better.
You barely miss the merfolk. You hit the minotaur.
The merfolk throws a boomerang.
The boomerang hits you but does no damage.
You block the merfolk javelineer's attack.
The deep elf master archer shoots an arrow.
You block the arrow.
Unknown command.
You hit the deep elf master archer.
You feel better.
The deep elf master archer is severely wounded.
You slash the minotaur!
You feel better.
You hit the stone giant. You slice the merfolk!!
You feel better.
You slash the merfolk!
You feel better.
You kill the merfolk!
That felt strangely unrewarding.
The merfolk hits you from afar with a +0 trident.
* * * LOW HITPOINT WARNING * * *
The stone giant hits you!!
* * * LOW HITPOINT WARNING * * *
The minotaur hits you.
You die...
Your body crumbles into a pile of gold.

###..........###.....###...
.....##..>..#.#.....#.....
#....#....>...##..........
<..............#..[.......
##..^..##.......#..........
#......#.......#^......###
^#........m.!..#..........
....##..me.m...#.........#
.....#...@.m......######## ##
......H.C.....###.....#. ####^
...#...m##....^.#....##. #^...
.$^##...#..###.##....... #...#
........####............ #...#
....##.(#.^m..".....#### .
#..####.....#..$.^>Cm..........
..###.#..........###e..m#........
.....#.##.#.........$$#^#....#...


You could see a stone giant, a minotaur, a deep elf master archer, a merfolk
javelineer and 4 merfolk.

Vanquished Creatures
  A deep elf blademaster (Spider:1)
  2 deep elf master archers (Spider:1)
  2 titans
  Kirke (Spider:2)
  Agnes (D:15)
  Donald (Orc:2)
  3 fire giants
  An emperor scorpion (Lair:3)
  4 frost giants
  A ghost moth (Spider:1)
  5 orc warlords
  2 broodmothers
  3 stone giants
  Nessos (D:12)
  2 spark wasps
  2 fire dragons
  2 merfolk javelineers (Spider:1)
  2 entropy weavers
  2 merfolk impalers
  A vault guard (D:14)
  An ice dragon (Lair:5)
  Erolcha (Orc:1)
  Fannar (Lair:1)
  Josephine (D:11)
  Harold (D:11)
  4 hydras
  A radroach (Lair:3)
  5 centaur warriors
  2 ironbound frosthearts (IceCv)
  2 catoblepae
  An ogre mage (D:15)
  2 boulder beetles
  4 jorogumos (Spider:1)
  Erica (Lair:1)
  7 two-headed ogres
  7 tengu warriors
  Urug (Lair:4)
  14 death yaks
  3 demonic crawlers
  A deep troll earth mage (D:15)
  3 naga warriors (Spider:1)
  2 deep elf knights (Spider:1)
  Sonja (Lair:5)
  6 orc high priests
  Nergalle (Orc:1)
  3 skeletal warriors (D:14)
  A skyshark (Lair:2)
  A salamander mystic (Spider:1)
  A sun moth (Spider:1)
  Lodul (D:11)
  4 pharaoh ants
  A swamp dragon (Lair:5)
  4 orb spiders (Spider:1)
  A naga ritualist (Spider:1)
  2 deep elf archers (Spider:1)
  10 orc knights
  A steelbarb worm (Spider:1)
  4 orc sorcerers
  4 deep elf pyromancers
  2 lindwurms (Lair:5)
  A necromancer (D:14)
  An oklob plant (Lair:3)
  5 salamanders
  15 ugly things
  3 manticores
  8 wolf spiders
  A moth of wrath (Spider:1)
  7 cyclopes
  4 black mambas
  An ice statue (IceCv)
  A water nymph (Lair:2)
  3 elephants (Lair:4)
  2 naga magi (Spider:1)
  An unseen horror (D:10)
  6 torpor snails
  9 cane toads
  A kobold demonologist (D:11)
  3 yaktaurs (D:15)
  5 rime drakes
  3 tengu conjurers
  A komodo dragon (shapeshifter) (D:15)
  13 komodo dragons
  15 polar bears
  A wolf spider simulacrum (D:15)
  3 meliai
  9 trolls
  13 merfolk
  3 tyrant leeches (Lair:5)
  21 blink frogs
  4 dream sheep (Lair:4)
  13 tarantellas
  7 hornets (Lair:5)
  8 culicivoras
  16 jumping spiders (Spider:1)
  23 slime creatures
  4 shadows
  A water elemental (D:11)
  7 wraiths
  A centaur simulacrum (D:15)
  49 yaks
  3 wyverns
  4 vampires
  2 fire bats (Volcano)
  6 hogs (Spider:2)
  A basilisk (shapeshifter) (D:15)
  6 basilisks
  2 vampire mosquitoes (D:15)
  6 steam dragons
  16 redbacks
  3 acid dragons
  4 wargs
  7 nagas (Spider:1)
  15 water moccasins
  2 hell hounds (Volcano)
  3 swamp drakes
  57 orc warriors
  21 ogres
  13 centaurs
  29 wolves
  A gnoll sergeant (D:7)
  7 kobold brigands
  8 bullfrogs
  Blork the orc (D:5)
  3 scorpions
  4 wights (D:8)
  6 killer bees (D:8)
  6 howler monkeys
  2 electric eels
  8 hounds
  40 orc priests
  6 jellies
  A gnoll bouda (D:7)
  2 sleepcaps (D:7)
  5 iguanas
  26 orc wizards
  7 hell rats
  6 gnolls (D:7)
  11 adders
  12 river rats
  A shadow imp (D:8)
  A white imp (D:8)
  4 worms
  3 dart slugs
  129 orcs
  15 ball pythons
  8 endoplasms
  2 giant cockroaches
  8 goblins
  7 hobgoblins
  A quokka (D:4)
  5 bats
  A frilled lizard (D:2)
  36 kobolds
  34 rats
  A spectral weapon (Orc:1)
1062 creatures vanquished.

Vanquished Creatures (others)
  A titan (Spider:2)
  A frost giant (Spider:1)
  A deep elf knight (Spider:1)
  A warg (Spider:1)
  A wolf (D:11)
  An orc priest (Spider:1)
6 creatures vanquished.

Grand Total: 1068 creatures vanquished

Notes
Turn   | Place    | Note
-------+----------+-------------------------------------------
     0 | D:5      | Kurtz the Mummy Delver began the quest for the Orb.
     0 | D:5      | Reached XP level 1. HP: 18/18 MP: 1/1
    20 | D:5      | Found a hide-covered altar of Uskayaw.
    32 | D:5      | Identified the +9 falchion of Wuz Leth {flame, rC- rCorr
                  | Str+4 Int+8}
    96 | D:4      | Found a shadowy altar of Dithmenos.
    98 | D:3      | Found an iron altar of Okawaru.
   108 | D:3      | Became a worshipper of Warmaster Okawaru
   117 | D:3      | Reached skill level 2 in Axes
   239 | D:3      | Reached XP level 2. HP: 24/24 MP: 2/2
   335 | D:3      | Found a basalt altar of Yredelemnul.
   644 | D:3      | Reached XP level 3. HP: 21/29 MP: 3/3
   723 | D:2      | Found a faded altar of an unknown god.
   732 | D:2      | Reached skill level 3 in Axes
  1917 | D:2      | Reached XP level 4. HP: 35/35 MP: 4/4
  2687 | D:4      | Found a burning altar of Makhleb.
  2770 | D:4      | Found a blossoming altar of Fedhas.
  2926 | D:4      | Found a staircase to the Ecumenical Temple.
  3024 | D:4      | Found a snail-covered altar of Cheibriados.
  3181 | D:5      | Reached skill level 4 in Axes
  3181 | D:5      | Reached XP level 5. HP: 25/41 MP: 5/5
  3600 | D:5      | Noticed Blork the orc
  3611 | D:5      | Killed Blork the orc
  3690 | D:5      | Reached * piety under Okawaru
  3691 | D:5      | Reached skill level 5 in Axes
  3691 | D:5      | Reached XP level 6. HP: 37/47 MP: 6/6
  3694 | D:5      | Reached skill level 1 in Shields
  4074 | D:5      | Found Sogan's Antique Weapon Boutique.
  4078 | D:5      | Bought a runed hand axe for 138 gold pieces
  4217 | D:6      | Found a glowing drain.
  4243 | Sewer    | Entered a sewer
  4371 | Sewer    | Reached skill level 6 in Axes
  4371 | Sewer    | Reached XP level 7. HP: 41/52 MP: 7/7
  4624 | Sewer    | Reached ** piety under Okawaru
  4996 | D:6      | Found a broken altar of Ashenzari.
  5103 | D:6      | Identified the +4 mace "Muxkiri" {vamp, rF+}
  5282 | D:6      | Reached skill level 7 in Axes
  5318 | D:6      | Found Xummy's Magic Scroll Shoppe.
  5569 | D:6      | Noticed a steam dragon
  5579 | D:6      | Killed a steam dragon
  5580 | D:6      | Reached skill level 1 in Armour
  5597 | D:6      | Reached XP level 8. HP: 34/58 MP: 8/8
  5820 | D:7      | Reached *** piety under Okawaru
  6456 | D:7      | Found Irchoe's Antique Weapon Shop.
  6459 | D:7      | Bought a slimy flail for 212 gold pieces
  6459 | D:7      | Identified the +5 flail of Raot {pain, rPois rF+ Int-3}
                  | (You bought it in a shop on level 7 of the Dungeon)
  6671 | D:7      | Reached **** piety under Okawaru
  6787 | D:7      | Found Ryzisto's One-of-a-Kind Rings.
  6946 | D:8      | Reached XP level 9. HP: 62/66 MP: 9/9
  7247 | D:8      | Identified the orb of Apathy {light, Drain rC++ Regen+
                  | SInv}
  7332 | D:8      | Found a stormy altar of Qazlal.
  7639 | D:8      | Reached skill level 8 in Axes
  7943 | D:8      | Found a bloodstained altar of Trog.
  8239 | D:9      | Found Itwuamid's General Store.
  8242 | D:9      | Bought a scroll of identify for 26 gold pieces
  8342 | D:9      | Noticed a four-headed hydra
  8343 | D:9      | Noticed a centaur warrior
  8407 | D:9      | Reached skill level 5 in Shields
  8480 | D:9      | Noticed a troll
  8491 | D:9      | Killed a troll
  8546 | D:9      | Reached XP level 10. HP: 53/73 MP: 7/10
  8552 | D:9      | Killed a centaur warrior
  8552 | D:9      | Reached ***** piety under Okawaru
  8553 | D:9      | Reached skill level 9 in Axes
  8573 | D:9      | Found a burning altar of Makhleb.
  8641 | D:9      | Found a flagged portal.
  8652 | Bailey   | Entered a bailey
  8835 | Bailey   | Noticed an orc knight
  8912 | Bailey   | Killed an orc knight
  8912 | Bailey   | Received a gift from Okawaru
  8988 | Bailey   | Identified the +8 plate armour "Pingis" {rPois Str+3
                  | Stlth+}
  9059 | Bailey   | Noticed an orc knight
  9075 | Bailey   | Killed an orc knight
  9076 | Bailey   | Reached skill level 10 in Axes
  9131 | Bailey   | Identified the +2 helmet of Immorality {Fly SInv}
  9492 | D:9      | Found a staircase to the Orcish Mines.
  9622 | D:9      | Found a sacrificial altar of Ru.
  9800 | D:10     | Entered Level 10 of the Dungeon
  9804 | D:10     | Noticed a two-headed ogre
  9885 | D:10     | Found a sparkling altar of Nemelex Xobeh.
  9958 | D:10     | Killed a two-headed ogre
  9958 | D:10     | Received a gift from Okawaru
 10372 | D:10     | Reached XP level 11. HP: 48/66 MP: 11/11
 10458 | D:10     | Noticed a two-headed ogre
 10467 | D:10     | Killed a two-headed ogre
 10468 | D:10     | Reached skill level 5 in Fighting
 10701 | D:10     | Found a shimmering blue altar of Sif Muna.
 10863 | D:10     | Found Esasam's Distillery.
 11117 | D:11     | Reached skill level 11 in Axes
 11145 | D:11     | Noticed Lodul
 11171 | D:11     | Killed Lodul
 11171 | D:11     | Received a gift from Okawaru
 11172 | D:11     | Reached skill level 1 in Invocations
 11534 | D:11     | Noticed Josephine
 11565 | D:11     | Killed Josephine
 11573 | D:11     | Received a gift from Okawaru
 11719 | D:11     | Found a staircase to the Lair.
 11720 | D:11     | Noticed a two-headed ogre
 11743 | D:11     | Killed a two-headed ogre
 12004 | D:11     | Reached skill level 5 in Armour
 12127 | D:11     | Reached skill level 5 in Dodging
 12246 | D:11     | Found a burning altar of Makhleb.
 12246 | D:11     | Noticed a blizzard demon
 12340 | D:11     | Found a portal to a secret trove of treasure.
 12579 | D:11     | Noticed Harold
 12605 | D:11     | Killed Harold
 12719 | D:12     | Noticed Nessos
 12887 | D:12     | Killed Nessos
 12887 | D:12     | Received a gift from Okawaru
 12888 | D:12     | Reached XP level 12. HP: 91/91 MP: 14/14
 13121 | D:12     | Noticed a two-headed ogre
 13159 | D:12     | Killed a two-headed ogre
 13704 | Lair:1   | Entered Level 1 of the Lair of Beasts
 13741 | Lair:1   | Noticed Erica
 13761 | Lair:1   | Killed Erica
 14324 | Lair:1   | Reached skill level 12 in Axes
 14389 | Lair:1   | Reached ****** piety under Okawaru
 14419 | Lair:1   | Acquired a +3 vampiric broad axe
 14419 | Lair:1   | Received a gift from Okawaru
 14427 | Lair:1   | Acquired the +2 pair of gloves of a Gauntlet {rCorr}
 14427 | Lair:1   | Received a gift from Okawaru
 14524 | Lair:1   | Noticed Fannar
 14548 | Lair:1   | Killed Fannar
 14548 | Lair:1   | Received a gift from Okawaru
 15336 | Lair:2   | Found a frozen archway.
 15359 | IceCv    | Entered an ice cave
 15595 | IceCv    | Identified the +10 halberd of Puqud {spect, rC+ rCorr
                  | Dex+5}
 15658 | IceCv    | Reached skill level 13 in Axes
 15869 | IceCv    | Noticed a death yak
 15869 | IceCv    | Noticed a death yak
 15875 | IceCv    | Noticed a death yak
 15888 | IceCv    | Killed a death yak
 15888 | IceCv    | Received a gift from Okawaru
 15889 | IceCv    | Gained mutation: You are strongly in touch with the powers
                  | of death. [Mummy growth]
 15889 | IceCv    | Reached XP level 13. HP: 88/98 MP: 8/16
 16238 | IceCv    | Received a gift from Okawaru
 16249 | IceCv    | Reached skill level 14 in Axes
 16541 | Lair:2   | Received a gift from Okawaru
 16739 | Lair:2   | Found a staircase to the Shoals.
 17388 | Lair:3   | Found a hole to the Spider Nest.
 17399 | Lair:3   | Received a gift from Okawaru
 17471 | Lair:3   | Reached skill level 15 in Axes
 17680 | Lair:3   | Reached XP level 14. HP: 104/105 MP: 17/17
 17735 | Lair:3   | Received a gift from Okawaru
 18401 | D:7      | Bought the ring "Wiusae" {Fire Will+ Str+3 Dex-3 Slay+3}
                  | for 602 gold pieces
 18924 | D:13     | Received a gift from Okawaru
 19144 | D:13     | Identified the +0 spear of Eshic {pain, Contam rElec rC+
                  | Will++}
 19920 | D:14     | Received a gift from Okawaru
 20038 | D:14     | Reached skill level 16 in Axes
 20072 | D:14     | Found a gate to the Vaults.
 20287 | D:15     | Entered Level 15 of the Dungeon
 20484 | D:15     | Received a gift from Okawaru
 20505 | D:14     | Reached skill level 10 in Shields
 20851 | D:15     | Found a runed translucent gate.
 20851 | D:15     | Found a runed translucent gate.
 20851 | D:15     | Found a runed translucent gate.
 20851 | D:15     | Found a viscous altar of Jiyva.
 20851 | D:15     | Noticed a rockslime
 20851 | D:15     | Noticed an acid blob
 20851 | D:15     | Noticed Tewoziw's ghost (journeyman FoFi)
 20851 | D:15     | Noticed an acid blob
 20886 | D:15     | Received a gift from Okawaru
 21105 | D:15     | Noticed Agnes
 21126 | D:15     | Killed Agnes
 21127 | D:15     | Reached XP level 15. HP: 110/110 MP: 11/18
 21220 | D:15     | Found a staircase to the Depths.
 21754 | Lair:4   | Received a gift from Okawaru
 21779 | Lair:4   | Found a staircase to the Slime Pits.
 21788 | Lair:4   | Found a viscous altar of Jiyva.
 22473 | Lair:4   | Noticed Urug
 22480 | Lair:4   | Killed Urug
 22480 | Lair:4   | Received a gift from Okawaru
 22481 | Lair:4   | Reached skill level 17 in Axes
 22826 | Lair:5   | Entered Level 5 of the Lair of Beasts
 22951 | Lair:5   | Identified the +3 quarterstaff of Tuv Uthru {heavy, rElec}
 23085 | Lair:5   | Found a runed translucent door.
 23635 | Lair:5   | Noticed Sonja
 23644 | Lair:5   | Killed Sonja
 23765 | Lair:5   | Found a runed translucent door.
 23768 | Lair:5   | Noticed freelancePsychic's ghost (journeyman DsBe)
 23915 | Lair:5   | Received a gift from Okawaru
 24617 | Orc:1    | Entered Level 1 of the Orcish Mines
 24617 | Orc:1    | Found Imyushrot's Antique Weapon Shoppe.
 24660 | Orc:1    | Noticed Erolcha
 24673 | Orc:1    | Killed Erolcha
 24895 | Orc:2    | Entered Level 2 of the Orcish Mines
 24960 | Orc:2    | Found a dark tunnel.
 25004 | Volcano  | Entered a volcano
 25346 | Orc:2    | Found a staircase to the Elven Halls.
 25444 | Orc:2    | Received a gift from Okawaru
 25938 | Orc:2    | Reached XP level 16. HP: 119/119 MP: 19/19
 25972 | Orc:2    | Noticed Donald
 26075 | Orc:2    | Killed Donald
 26103 | Orc:2    | Received a gift from Okawaru
 26139 | Orc:2    | Found Odatitt's Armour Shop.
 26139 | Orc:2    | Found Pubouq's Weapon Shop.
 26140 | Orc:2    | Found Xaetuug's Antique Armour Shop.
 26140 | Orc:2    | Found Fos Piul's Magic Scroll Boutique.
 26159 | Orc:2    | Bought a scroll of silence for 171 gold pieces
 26159 | Orc:2    | Bought a scroll of teleportation for 54 gold pieces
 26604 | Orc:1    | Noticed Nergalle
 26626 | Orc:1    | Reached skill level 18 in Axes
 26628 | Orc:1    | Killed Nergalle
 27050 | Temple   | Entered the Ecumenical Temple
 27066 | Temple   | Fell from the grace of Okawaru
 27066 | Temple   | Became a worshipper of Gozag Ym Sagoz the Greedy
 27348 | Spider:1 | Entered Level 1 of the Spider Nest
 27461 | Spider:1 | Identified a scroll of acquirement
 27473 | Spider:1 | Acquired 928 gold pieces
 27492 | Spider:1 | Noticed a titan
 27922 | Spider:1 | Identified the +0 leather armour of the Sneaky Princes
                  | {Rampage rElec rF+ rC- Str+5}
 27980 | Spider:1 | Identified the staff "Enow" {rF+ MP+9 Int-4 Dex+4 Fire}
 28002 | Spider:1 | Noticed a deep elf master archer
 28023 | Spider:1 | Killed a deep elf master archer
 28326 | Spider:1 | Reached skill level 10 in Fighting
 28421 | Spider:1 | Noticed a deep elf master archer
 28432 | Spider:1 | Killed a deep elf master archer
 28697 | Spider:1 | Killed a titan
 29225 | Spider:1 | Noticed a deep elf blademaster
 29663 | Spider:1 | Killed a deep elf blademaster
 30177 | Spider:2 | Noticed Kirke
 30251 | Spider:2 | Killed Kirke
 30300 | Spider:2 | Noticed a titan
 30300 | Spider:2 | Noticed a deep elf blademaster
 30344 | Spider:2 | Noticed a titan
 30352 | Spider:2 | Killed a titan
 30589 | Spider:2 | Noticed a deep elf master archer
 30594 | Spider:2 | Killed a titan
 30603 | Spider:2 | HP: 5/125 [stone giant[the fury of Okawaru] (25)]
 30603 | Spider:2 | Slain by a minotaur

Illustrated notes

Levels and vault maps discovered:
D:1:      elethiomel_arrival_infinity_welcomes_careful_drivers,
          layout_loops_corners
D:2:      layout_basic, nicolae_ecumenical_snake_handling
D:3:      layout_basic, okawaru_gym_becter, elyvilon_altar_5,
          amcnicky_altar_gilded
D:4:      layout_rooms, slow_altar_2, fedhas_ov_isle_minmay,
          mainiacjoe_overflow_boulevard, mainiacjoe_overflow_cross_hatched,
          minmay_temple_entry_gardened_gates, minmay_misc_feat_secret_circle
D:5:      wander_river, layout_basic, nicolae_uskayaw_murder_on_the_dancefloor,
          serial_shops, nicolae_shop_back_alley_shop, uniq_blork_the_orc
D:6:      layout_gridville, mainiacjoe_overflow_concentric_impassable,
          portal_sewer_entry_a, serial_shops, nicolae_lakefront_shop
D:7:      layout_basic, serial_shops, nicolae_shop_real_fake_doors,
          nicolae_shop_unique_rings
D:8:      layout_basic, lightli_temple_of_fire, nicolae_qazlal_style_of_elements
D:9:      layout_loops_ring, nicolae_ru_sacrificial_ziggurat, erik_orc_1,
          enter_bailey_4, serial_shops, nicolae_stop_n_shop_1,
          minmay_ruined_shrine
D:10:     mumra_celtic_spiral_tile, layout_basic,
          nemelex_xobeh_ov_fountains_minmay, mainiacjoe_overflow_alcove_2,
          lemuel_round_altar, serial_shops, shop
D:11:     layout_loops_ring, erik_lair_island, enter_trove_0,
          makhleb_altar_promises_db, uniq_harold, uniq_josephine, uniq_lodul
D:12:     layout_big_octagon, uniq_nessos
D:13:     layout_long_grid
D:14:     layout_gridville, david_vaults_5, hangedman_decor_push
D:15:     hellmonk_depths_entry_around_the_bend, layout_cave_pools,
          gammafunk_ghost_ooze, kennysheep_flooded_box, uniq_agnes
Temple:   nicolae_temple_great_sept
Lair:1:   layout_regular_city, uniq_erica, uniq_fannar
Lair:2:   layout_misc_corridors, nicolae_shoals_entry_flooding,
          portal_ice_cave_entry_pillars_1, chequers_serial_rivers_micro_a,
          beast_lair_carwin_2
Lair:3:   layout_loops_ring, nicolae_spider_entry_lesser_pyramids, minivault_26,
          minmay_lair_oklob_bushes, kennysheep_abandoned_house
Lair:4:   layout_long_grid, nicolae_slime_entry_slimehenge, uniq_urug
Lair:5:   wormcave, layout_cave_pods, guppyfry_lair_end_dragon,
          gammafunk_ghost_grave, uniq_sonja
Spider:1: layout_spider_delve, nicolae_spider_world_wide_web
Spider:2: layout_spider_delve, hangedman_spider_tarantella_strand, uniq_kirke
Orc:1:    layout_diamond_mine, serial_shops, shop, bh_open_orc_temple,
          uniq_nergalle, uniq_erolcha
Orc:2:    st_orc_pillars, layout_diamond_mine, enter_volcano_4, special_room,
          uniq_donald

Skill      XL: |  1  2  3  4  5  6  7  8  9 10 11 12 13 14 15 16 |
---------------+-------------------------------------------------+-----
Axes           | 2 3 4 5 6 7 8 10 11 13 15 16 17 18 | 18.0
Shields        | 1 3 5 7 8 10 11 | 11.8
Armour         | 2 3 5 6 7 8 9 |  9.4
Dodging        | 2 3 5 6 7 8 |  8.0
Fighting       | 4 7 8 11 | 11.0
Invocations    | 3 4 |  4.0
Stealth        | |  4.1

Action                     |  1- 3 |  4- 6 |  7- 9 | 10-12 | 13-15 | 16-18 || total
---------------------------+-------+-------+-------+-------+-------+-------++-------
  Melee: Hand axe          |    26 |    47 |   381 |   771 |       |       ||  1225
         War axe           |    90 |   133 |       |       |       |       ||   223
         Punch             |     1 |     2 |       |       |       |       ||     3
         Flail             |       |       |     6 |       |     6 |     9 ||    21
         Broad axe         |       |       |       |   199 |  1485 |   943 ||  2627
         Demon whip        |       |       |       |       |    22 |       ||    22
  Throw: Dart              |       |     3 |     9 |    23 |     2 |     7 ||    44
         Boomerang         |       |       |       |     3 |       |       ||     3
         Throwing net      |       |       |       |     4 |     5 |     2 ||    11
         Javelin           |       |       |       |       |     7 |       ||     7
 Invoke: Heroism           |       |       |     4 |     9 |    13 |     1 ||    27
         Finesse           |       |       |       |     3 |     2 |     1 ||     6
         Receive Weapon    |       |       |       |     1 |       |       ||     1
         Receive Armour    |       |       |       |     1 |       |       ||     1
         Potion Petition   |       |       |       |       |       |     4 ||     4
  Evoke: Wand              |       |       |       |    16 |     7 |     5 ||    28
    Use: Scroll            |       |     1 |     8 |     5 |     8 |     7 ||    29
   Stab: Distracted        |     1 |       |       |       |     1 |     3 ||     5
         Sleeping          |     5 |     3 |       |       |       |       ||     8
         Held in net/web   |       |       |       |     2 |       |     4 ||     6
         Invisible         |       |       |       |       |       |     5 ||     5
 Armour: Leather armour    |    22 |       |       |       |       |       ||    22
         Ring mail         |    59 |    90 |       |       |       |       ||   149
         Chain mail        |       |    59 |   134 |       |       |       ||   193
         Plate armour      |       |       |   197 |   679 |  1108 |  1077 ||  3061
  Dodge: Dodged            |    68 |   104 |   138 |   249 |   394 |   499 ||  1452
  Block: Buckler           |       |    21 |    72 |   165 |    31 |       ||   289
         Kite shield       |       |       |       |       |   904 |   819 ||  1723

Table legend: (Time is in decaauts)
 A = Elapsed time spent in this place.
 B = Non-inter-level travel time spent in this place.
 C = Inter-level travel time spent in this place.
 D = Time resting spent in this place.
 E = Time spent auto-exploring this place.
 F = Levels seen in this place.
 G = Mean time per level.
                   A        B        C        D        E       F      G
               +--------+--------+--------+--------+--------+-----+--------+
         Total |  30098 |  27831 |   2267 |   5260 |  14547 |  29 | 1037.9 |
       Dungeon |  16151 |  14570 |   1581 |   2724 |   8352 |  15 | 1076.7 |
        Temple |     26 |      4 |     22 |      0 |      0 |   1 |   26.0 |
          Lair |   6706 |   6188 |    518 |   1207 |   3426 |   5 | 1341.2 |
   Spider Nest |   2755 |   2727 |     28 |    807 |    828 |   2 | 1377.5 |
  Orcish Mines |   1861 |   1745 |    116 |    255 |    738 |   2 |  930.5 |
         Sewer |    734 |    734 |      0 |      0 |    541 |   1 |  734.0 |
        Bailey |    533 |    533 |      0 |     37 |    201 |   1 |  533.0 |
      Ice Cave |   1061 |   1061 |      0 |    230 |    368 |   1 | 1061.0 |
       Volcano |    268 |    268 |      0 |      0 |     92 |   1 |  268.0 |
               +--------+--------+--------+--------+--------+-----+--------+

Top non-repeatable levels by time:
Spider:1: 2064 daAuts
  Lair:1: 1678 daAuts
    D:11: 1663 daAuts
  Lair:3: 1610 daAuts
  Lair:5: 1580 daAuts
     D:7: 1523 daAuts
    D:10: 1405 daAuts
   Orc:2: 1294 daAuts
     D:8: 1252 daAuts
     D:5: 1187 daAuts
    D:14: 1172 daAuts
     D:9: 1098 daAuts
   IceCv: 1061 daAuts
     D:1: 1061 daAuts
    D:12: 1051 daAuts
